 Dungeon Crawl Stone Soup version 0.28-a0-1182-g381e24db82 (webtiles) character file.

Game seed: 6055970863505287798

145 LadyOphelia the Skirmisher (level 5, -4/85 HPs)
             Began as an Ogre Berserker on Dec 17, 2021.
             Was a Believer of Trog.
             Slain by Grinder (8 damage)
             ... while paralysed by Grinder
             ... on level 3 of the Dungeon.
             The game lasted 00:05:39 (3625 turns).

LadyOphelia the Skirmisher (Ogre Berserker)         Turns: 3625, Time: 00:05:39

Health: -4/85      AC:  3    Str: 23    XL:     5   Next: 27%
Magic:  5/5        EV:  1    Int:  8    God:    Trog [**....]
Gold:   21         SH:  0    Dex:  8    Spells: 4/4 levels left

rFire   . . .      SeeInvis .   a - +0 hand axe
rCold   . . .      Faith    .   (no shield)
rNeg    . . .      Spirit   .   b - +0 animal skin
rPois   .          Reflect  .   (helmet restricted)
rElec   .          Harm     .   (no cloak)
rCorr   .          Rampage  .   (gloves unavailable)
Will    .....                   (boots unavailable)
Stlth   ..........              (no amulet)
HPRegen 0.24/turn               (no ring)
MPRegen 0.09/turn               (no ring)

@: paralysed, berserking
A: large, unfitting armour, tough skin 1
a: Renounce Religion, Berserk, Trog's Hand


You were on level 3 of the Dungeon.
You worshipped Trog.
Trog was pleased with you.
You visited 1 branch of the dungeon, and saw 3 of its levels.

You collected 119 gold pieces.
You spent 98 gold pieces at shops.

Inventory:

Hand Weapons
 a - a +0 hand axe (weapon)
 f - a +1 dagger of freezing
 o - a +0 short sword of holy wrath
 r - a +4 trident
Armour
 b - a +0 animal skin (worn)
Wands
 m - a wand of mindburst (11)
Scrolls
 c - a scroll of fog {unknown}
 d - a scroll of torment {unknown}
 i - a scroll of noise {unknown}
 k - a scroll of fear {unknown}
 l - a scroll of teleportation
 n - a scroll of brand weapon {unknown}
 q - a scroll of vulnerability {unknown}
Potions
 e - a potion of curing {unknown}
 g - a potion of berserk rage
 h - a potion of haste
 j - a potion of degeneration {unknown}
 p - a potion of might {unknown}


   Skills:
 + Level 5.1 Fighting
 + Level 4.3 Axes
 + Level 3.6 Dodging
 + Level 0.4 Stealth


You had 4 spell levels left.
You didn't know any spells.
Your spell library was empty.

Dungeon Overview and Level Annotations

Branches:
Dungeon (3/15)

Altars:

Shops:
D:2 [=*:?

Annotations:
D:3 1 runed translucent door, Crazy Yiuf, Grinder


Innate Abilities, Weirdness & Mutations

You are too large for most types of armour.
You have tough skin. (AC +1)


Message History

Grinder hits you.
You writhe in agony.
Grinder gestures at you.
You shrug off the repeated paralysis!
Grinder hits you!
You writhe in agony.
Grinder hits you.
* * * LOW HITPOINT WARNING * * *
You writhe in agony.
* * * LOW HITPOINT WARNING * * *
Grinder hits you.
* * * LOW HITPOINT WARNING * * *
You writhe in agony.
* * * LOW HITPOINT WARNING * * *
You can move again.
Cleave: a) +0 hand axe
Press: ? - help, Dir - move target, f - Grinder
Aim: Grinder (about 43% to evade your +0 hand axe)
You barely miss Grinder. Grinder hits you.
* * * LOW HITPOINT WARNING * * *
You writhe in agony.
* * * LOW HITPOINT WARNING * * *
Okay, then.
A red film seems to cover your vision as you go berserk!
You feel yourself moving faster!
You feel mighty! Grinder closely misses you.
You hit Grinder.
Grinder is lightly wounded.
Grinder hits you.
* * * LOW HITPOINT WARNING * * *
You writhe in agony.
* * * LOW HITPOINT WARNING * * *
You closely miss Grinder.
Grinder is lightly wounded.
Grinder barely misses you.
You barely miss Grinder.
Grinder is lightly wounded.
You completely miss Grinder.
Grinder is lightly wounded.
Grinder gestures at you.
You suddenly lose the ability to move!
Grinder hits you!
You die...

## # ..#.
###.#.###
........#
#.#.# #
#.#@##.#
#..5...#
####.####
#.......#
#.##.##.#
# #..#.#
##.#.#
#.###.#.#
#.......#


You could see Grinder.

Vanquished Creatures
  Natasha (twice) (D:3)
  Terence (D:2)
  3 adders
  3 dart slugs
  An orc (D:3)
  4 bats
  2 endoplasms (D:2)
  2 giant cockroaches (D:1)
  6 goblins
  3 hobgoblins
  4 ball pythons
  3 frilled lizards
  6 kobolds
  7 rats
  A spectral hobgoblin (D:3)
48 creatures vanquished.

Notes
Turn   | Place    | Note
-------+----------+-------------------------------------------
     0 | D:1      | LadyOphelia the Ogre Berserker began the quest for the Orb.
     0 | D:1      | Reached XP level 1. HP: 24/24 MP: 1/1
   216 | D:1      | Reached XP level 2. HP: 28/32 MP: 2/2
   784 | D:1      | Reached XP level 3. HP: 37/40 MP: 3/3
   978 | D:2      | Reached ** piety under Trog
  1284 | D:2      | Found Noskaqas's Magic Scroll Shop.
  1287 | D:2      | Found Vuuz's Book Shop.
  1295 | D:2      | Found Dichoo's General Store.
  1354 | D:2      | Bought a scroll of identify for 28 gold pieces
  1354 | D:2      | Bought a scroll of identify for 28 gold pieces
  1354 | D:2      | Bought a scroll of teleportation for 42 gold pieces
  1369 | D:2      | Found Upo Naen's Jewellery Shop.
  1486 | D:2      | Found Uxeusor's Antique Armour Shoppe.
  1496 | D:2      | Reached XP level 4. HP: 47/49 MP: 4/4
  1735 | D:2      | Noticed Terence
  1758 | D:2      | Killed Terence
  2517 | D:3      | Noticed Natasha
  2532 | D:3      | Killed Natasha
  2533 | D:3      | Reached skill level 5 in Fighting
  2533 | D:3      | Reached XP level 5. HP: 9/57 MP: 5/5
  3139 | D:3      | Noticed Natasha
  3150 | D:3      | Killed Natasha
  3582 | D:3      | Found a runed translucent door.
  3583 | D:3      | Noticed Crazy Yiuf
  3604 | D:3      | Noticed Grinder
  3613 | D:3      | Paralysed by Grinder for 6 turns
  3621 | D:3      | HP: 4/85 [Grinder (4)]
  3624 | D:3      | Paralysed by Grinder for 4 turns
  3625 | D:3      | Slain by Grinder

Illustrated notes

Levels and vault maps discovered:
D:1:      dpeg_arrival_oval, layout_loops_ring
D:2:      layout_basic, serial_shops, shop, nicolae_shop_advertising_works
          [nicolae_subvault_shop_adworks], shop, shop, shop,
          minmay_misc_feat_nine_boxes, uniq_terence
D:3:      layout_loops_cross, dreamdust_ecumenical_altar_drowned_temple,
          uniq_grinder, uniq_natasha, uniq_crazy_yiuf_cottage

Skill      XL: |  1  2  3  4 |
---------------+-------------+-----
Dodging        | 3 |  3.6
Axes           | 4 |  4.3
Fighting       | 5 |  5.1
Stealth        | |  0.4

Action                   |  1- 3 |  4- 6 || total
-------------------------+-------+-------++-------
Melee: Hand axe          |    91 |    73 ||   164
Invok: Berserk           |       |     2 ||     2
  Use: Scroll            |       |     2 ||     2
       Potion            |       |     1 ||     1
Armor: Animal skin       |    37 |    20 ||    57
Dodge: Dodged            |    56 |    46 ||   102

Table legend: (Time is in decaauts)
 A = Elapsed time spent in this place.
 B = Non-inter-level travel time spent in this place.
 C = Inter-level travel time spent in this place.
 D = Time resting spent in this place.
 E = Time spent auto-exploring this place.
 F = Levels seen in this place.
 G = Mean time per level.
                   A        B        C        D        E       F      G
               +--------+--------+--------+--------+--------+-----+--------+
         Total |   3676 |   3608 |     68 |   1301 |   1665 |   3 | 1225.3 |
       Dungeon |   3676 |   3608 |     68 |   1301 |   1665 |   3 | 1225.3 |
               +--------+--------+--------+--------+--------+-----+--------+

Top non-repeatable levels by time:
     D:2: 1489 daAuts
     D:3: 1229 daAuts
     D:1: 957 daAuts
